[Event "Team 45 45 League T87"]
[Site "Internet Chess Club"]
[Date "2021.02.01"]
[Round "4"]
[White "janh"]
[Black "primerpaso"]
[Result "1-0"]
[WhiteElo "1977"]
[BlackElo "1827"]
[Opening "Sicilian, Chekhover variation"]
[ECO "B53"]
[Time "15:04:51"]
[TimeControl "2700+45"]

1. e4 c5 2. Nf3 d6 3. d4 cxd4 4. Qxd4 Nc6 5. Bb5 Bd7 6. Bxc6 Bxc6 7. Nc3 e5 8.
Qd3 h6 9. O-O Nf6 10. b3 Be7 11. a4 O-O 12. Ba3 Qc7 13. Nd2 Rfd8 14. Nd5 Nxd5
15. exd5 Be8 16. c4 a6 17. Rac1 Qd7 18. f4 exf4 19. Rxf4 Bg5 20. Rf2 b5 21. axb5
axb5 22. Bb2 bxc4 23. Rxc4 Bxd2 24. Qxd2 Qe7 25. Rg4 {Black resigns} 1-0

[Event "Team 45 45 League T87"]
[Site "Internet Chess Club"]
[Date "2021.01.29"]
[Round "4"]
[White "QuieroAprender"]
[Black "VictorRed"]
[Result "0-1"]
[WhiteElo "1700"]
[BlackElo "1678"]
[Opening "Sicilian defense"]
[ECO "B20"]
[Time "21:00:22"]
[TimeControl "2700+45"]

1. e4 c5 2. Bc4 Nc6 3. Nf3 e6 4. Nc3 Nf6 5. e5 Ng8 6. Ne4 d5 7. exd6 Bxd6 8.
Nxd6+ Qxd6 9. c3 Nge7 10. d4 cxd4 11. Nxd4 Nxd4 12. Qxd4 Qxd4 13. cxd4 Nf5 14.
Bb5+ Bd7 15. Bxd7+ Kxd7 16. Be3 Rac8 17. Kd2 Rc4 18. Kd3 Rhc8 19. Rhc1 Rxc1 20.
Rxc1 Rxc1 21. Bxc1 Kc6 22. b3 Kd5 23. Be3 Nh4 24. g3 Nf3 25. h4 Ne1+ 26. Ke2 Nc2
27. Kd3 Nb4+ 28. Kc3 Nxa2+ 29. Kd3 Nb4+ 30. Kc3 Nc6 31. b4 b5 32. f3 f5 33. h5
Ne7 34. Kd3 Nc8 35. Bf4 g6 36. Bb8 a6 37. Bc7 gxh5 {White resigns} 0-1

[Event "Team 45 45 League T87"]
[Site "Internet Chess Club"]
[Date "2021.01.29"]
[Round "4"]
[White "Portola"]
[Black "ElValero"]
[Result "1-0"]
[WhiteElo "1685"]
[BlackElo "1665"]
[Opening "Queen's pawn"]
[ECO "A40"]
[Time "09:00:40"]
[TimeControl "2700+45"]

1. d4 e6 2. Nf3 f5 3. c3 Nf6 4. Bg5 Be7 5. Bxf6 Bxf6 6. e3 O-O 7. g3 b6 8. Bg2
Bb7 9. O-O d6 10. Nbd2 Nd7 11. Qb3 Qe7 12. Rfe1 Qf7 13. Ng5 Bxg5 14. Bxb7 Rad8
15. Rad1 d5 16. c4 Nf6 17. cxd5 exd5 18. Nf3 Ne4 19. Bc6 Bf6 20. Rc1 g5 21. Rc2
g4 22. Nd2 Ng5 23. Rec1 Rd6 24. Bb5 Bd8 25. Rc6 Qh5 26. Rxd6 cxd6 27. Qxd5+ Kh8
28. Qxd6 Nh3+ 29. Kg2 Qf7 30. Rc8 Be7 31. Rxf8+ Bxf8 32. Qe5+ Bg7 33. Qb8+ Bf8
34. Bc4 Qf6 35. Qxa7 Bb4 36. Qb8+ Kg7 37. Qc7+ Kf8 38. Nf1 Be1 39. Qc8+ Ke7 40.
Bb5 Bxf2 41. Qe8+ Kd6 42. Qd7# {Black checkmated} 1-0

[Event "Team 45 45 League T87"]
[Site "Internet Chess Club"]
[Date "2021.01.31"]
[Round "4"]
[White "kidcobra"]
[Black "CPTsopiens"]
[Result "1-0"]
[WhiteElo "1914"]
[BlackElo "1719"]
[Opening "Two knights defense"]
[ECO "C56"]
[Time "16:02:06"]
[TimeControl "2700+45"]

1. e4 e5 2. Nf3 Nc6 3. d4 exd4 4. Bc4 Nf6 5. O-O Nxe4 6. Re1 d5 7. Bxd5 Qxd5 8.
Nc3 Qh5 9. Nxe4 Be7 10. Bg5 O-O 11. Ng3 Qg6 12. Bxe7 Nxe7 13. Rxe7 Qd6 14. Re1
Bg4 15. Qxd4 Bxf3 16. Qxd6 cxd6 17. gxf3 f5 18. Re7 d5 19. Rxb7 f4 20. Ne2 Rae8
21. Nc3 d4 22. Ne4 Rc8 23. Rd1 Rfd8 24. Rd2 h6 25. Rb4 a5 26. Rbxd4 Rxd4 27.
Rxd4 Rxc2 28. Ra4 Rxb2 29. Rxa5 Kf7 30. Ra6 h5 31. Kg2 h4 32. Kh3 g5 33. Kg4
{Black resigns} 1-0

[Event "Team 45 45 League T87"]
[Site "Internet Chess Club"]
[Date "2021.01.31"]
[Round "4"]
[White "walkover"]
[Black "KidRattler"]
[Result "0-1"]
[WhiteElo "1667"]
[BlackElo "1790"]
[Opening "Benkö gambit half accepted"]
[ECO "A57"]
[Time "09:03:37"]
[TimeControl "2700+45"]

1. d4 Nf6 2. c4 c5 3. d5 b5 4. cxb5 a6 5. b6 d6 6. Nc3 Bb7 7. e4 Nbd7 8. f4 g6
9. Nf3 Nxb6 10. a4 Qc7 11. a5 Nbd7 12. Be2 Bg7 13. O-O O-O 14. Qe1 e6 15. dxe6
fxe6 16. Qh4 Bxe4 17. Ng5 Bd5 18. Nxd5 exd5 19. Ne6 Qa7 20. Nxf8 Nxf8 21. f5 Re8
22. Bf3 gxf5 23. Bxd5+ Nxd5 24. Qc4 Qf7 25. Qxa6 Bd4+ 26. Kh1 Be5 27. Qd3 Nb4
28. Qxf5 Qxf5 29. Rxf5 Ne6 30. Bh6 Bxb2 31. Raf1 Nc6 32. Rb1 Bg7 33. Bxg7 Nxg7
34. Rf6 Re6 35. Rxe6 Nxe6 36. a6 Nb4 37. Re1 Nc7 38. a7 Kf7 39. g4 c4 40. Rb1
Nba6 41. Rb8 c3 42. a8=Q Nxa8 43. Rxa8 c2 44. Rxa6 c1=Q+ 45. Kg2 Qd2+ 46. Kg1
Qe1+ {White resigns} 0-1

[Event "Team 45 45 League T87"]
[Site "Internet Chess Club"]
[Date "2021.01.30"]
[Round "4"]
[White "Kingsacrificed"]
[Black "Beetlejuice"]
[Result "1-0"]
[WhiteElo "1491"]
[BlackElo "1652"]
[Opening "Dutch defense"]
[ECO "A81"]
[Time "09:01:42"]
[TimeControl "2700+45"]

1. d4 f5 2. g3 Nf6 3. Bg2 g6 4. Bf4 d6 5. Nc3 Bg7 6. Nf3 O-O 7. Qd2 c5 8. dxc5
dxc5 9. O-O Nc6 10. Rad1 Bd7 11. Bh6 Re8 12. Bxg7 Kxg7 13. Rfe1 Rb8 14. e4 Be6
15. Ng5 Qxd2 16. Nxe6+ Kf7 17. Rxd2 Kxe6 18. exf5+ Kxf5 19. h4 g5 20. hxg5 Kxg5
21. Bxc6 bxc6 22. Re5+ Kg6 23. Rxc5 Rxb2 24. Rxc6 Rb7 25. Ne4 Kf5 26. Nxf6 exf6
27. Rdd6 Rf7 28. Kg2 Re1 29. Kf3 h5 30. Rc5+ Kg6 31. Ra6 Rc1 32. Kf4 Rf1 33. f3
Rc1 34. a4 Rd7 35. Rcc6 Rf7 36. Ra5 Rb1 37. c3 Rc1 38. Ke4 Rg1 39. Kf4 Rc1 40.
Rd5 Ra1 41. a5 Rc1 42. Rc8 Rc2 43. Rdd8 Rc1 44. c4 Rc3 45. Rd5 Rc2 46. Rc6 Rc3
47. Rg5+ Kh6 48. Rg8 Kh7 49. Rcc8 Rxc4+ 50. Rxc4 Kxg8 51. Rc5 Rb7 52. Rxh5 Kg7
53. g4 Rc7 54. Rf5 Rb7 55. Ke4 Kg6 56. Kd3 Kf7 57. Kc4 Ke6 58. Kc5 Rc7+ 59. Kb5
Rb7+ 60. Ka6 Rc7 61. Rb5 Rc3 62. f4 Rc4 63. f5+ Ke7 64. Kxa7 Rxg4 65. a6 Rd4 66.
Ka8 Rd8+ 67. Rb8 Rd5 68. Rb7+ Kf8 69. a7 Re5 70. Kb8 Re8+ 71. Kc7 Re7+ 72. Kb6
Re8 73. Rb8 {Black resigns} 1-0

[Event "Team 45 45 League T87"]
[Site "Internet Chess Club"]
[Date "2021.02.01"]
[Round "4"]
[White "fvafier"]
[Black "Validus"]
[Result "1-0"]
[WhiteElo "1532"]
[BlackElo "1412"]
[Opening "Dutch defense"]
[ECO "A84"]
[Time "14:04:05"]
[TimeControl "2700+45"]

1. d4 f5 2. c4 c6 3. Nf3 Nf6 4. e3 e6 5. b3 d5 6. Bd3 Bd6 7. O-O Qe7 8. Nbd2 b6
9. Bb2 Na6 10. Rc1 Nb4 11. Bb1 a5 12. a3 Na6 13. a4 Nb4 14. Ne5 O-O 15. Qe2 Bb7
16. Ndf3 Bxe5 17. Nxe5 Rac8 18. cxd5 cxd5 19. Rfd1 Ba6 20. Qe1 Nd7 21. f3 Nxe5
22. dxe5 Rxc1 23. Bxc1 Rc8 24. e4 fxe4 25. fxe4 Rf8 26. Qe3 Qf7 27. h3 Qh5 28.
Re1 Qxe5 29. exd5 Qxe3+ 30. Bxe3 Nxd5 31. Bf2 Kf7 32. Be4 b5 33. Bd3 Rb8 34. Bg3
Rb7 35. Rf1+ Kg8 36. Bd6 Nf6 37. Be5 Rb6 38. Rc1 bxa4 39. Bxa6 Rxa6 40. Rc8+ Kf7
41. bxa4 Nd5 42. Rc5 g5 43. Bg3 Nb6 44. Rc6 Kf6 45. Bf2 h5 46. Rxb6 Ra8 47. Rb5
e5 48. Be1 Kf5 49. Rxa5 Rc8 50. Rb5 Kf4 51. Bd2+ Kf5 52. Kf2 g4 53. hxg4+ hxg4
54. a5 Ke4 55. a6 Rc2 56. Ke2 Ra2 57. Ra5 Rc2 58. a7 Rc8 59. a8=Q+ Rxa8 60. Rxa8
Kf5 61. Ra4 g3 62. Kf3 e4+ 63. Rxe4 Kg6 64. Re5 Kg7 65. Re6 Kf7 66. Ra6 Kg7 67.
Ke4 Kf7 68. Ke5 Kg7 69. Kf5 Kh7 70. Kg5 Kg7 71. Ra7+ Kh8 72. Kg6 Kg8 73. Ra8#
{Black checkmated} 1-0

[Event "Team 45 45 League T87"]
[Site "Internet Chess Club"]
[Date "2021.01.30"]
[Round "4"]
[White "ChessSpawnVT"]
[Black "janh"]
[Result "1-0"]
[WhiteElo "2027"]
[BlackElo "1967"]
[Opening "Bird's opening"]
[ECO "A03"]
[Time "15:06:53"]
[TimeControl "2700+45"]

1. f4 d5 2. Nf3 c5 3. e3 Nc6 4. b3 Bf5 5. Bb2 e6 6. Bb5 Qb6 7. c4 a6 8. Bxc6+
bxc6 9. Nc3 Nf6 10. Na4 Qa7 11. d3 Rd8 12. Ne5 Qc7 13. O-O dxc4 14. bxc4 Nd7 15.
e4 Bg6 16. Nxd7 Qxd7 17. f5 exf5 18. exf5 Bxf5 19. Nb6 Qb7 20. Rxf5 Qxb6 21.
Qe2+ Kd7 22. Rxf7+ Kc8 23. Qe6+ {Black resigns} 1-0

[Event "Team 45 45 League T87"]
[Site "Internet Chess Club"]
[Date "2021.01.30"]
[Round "4"]
[White "achessman"]
[Black "martineden"]
[Result "1-0"]
[WhiteElo "1895"]
[BlackElo "1853"]
[Opening "Réti: advance variation"]
[ECO "A09"]
[Time "10:08:47"]
[TimeControl "2700+45"]

1. Nf3 d5 2. c4 d4 3. e3 Nc6 4. b4 dxe3 5. fxe3 Nxb4 6. d4 e6 7. Nc3 Nf6 8. Rb1
Nc6 9. d5 Ne7 10. e4 Ng6 11. Bd3 Ng4 12. Ng5 N4e5 13. O-O Bc5+ 14. Kh1 O-O 15.
Be2 b6 16. dxe6 Qxd1 17. exf7+ Kh8 18. Nxd1 h6 19. Nf3 Ng4 20. h3 Nf6 21. e5 Nh5
22. Kh2 Nhf4 23. Nc3 Nxe2 24. Nxe2 Rxf7 25. Bb2 Be6 26. Rbc1 Raf8 27. Ned4 Nxe5
28. Nxe6 Nxf3+ 29. gxf3 Bd6+ 30. Kh1 Re8 31. Nd4 Re5 32. Nb5 Re2 33. Nxd6 cxd6
34. Ba3 Rd7 35. Rcd1 Rxa2 36. Bxd6 Rc2 37. Rd4 Kh7 38. Kg1 a5 39. Rf2 Rc3 40.
Kg2 g5 41. Rb2 {Black resigns} 1-0

[Event "Team 45 45 League T87"]
[Site "Internet Chess Club"]
[Date "2021.01.30"]
[Round "4"]
[White "laurenpar"]
[Black "primerpaso"]
[Result "1/2-1/2"]
[WhiteElo "1851"]
[BlackElo "1837"]
[Opening "Nimzovich-Larsen attack: Indian variation"]
[ECO "A01"]
[Time "05:09:19"]
[TimeControl "2700+45"]

1. b3 Nf6 2. Bb2 d5 3. e3 g6 4. c4 c6 5. Nf3 Bg7 6. Be2 O-O 7. O-O Nbd7 8. cxd5
cxd5 9. Nc3 b6 10. Rc1 Bb7 11. b4 Ne4 12. Qb3 e6 13. Nb5 Ndf6 14. d3 Nd6 15. a4
a6 16. Nxd6 Qxd6 17. Be5 Qd8 18. Bc7 Qe7 19. Bxb6 Rfc8 20. Rxc8+ Rxc8 21. Bc5
Qe8 22. d4 Ne4 23. a5 e5 24. dxe5 Bxe5 25. Nxe5 Qxe5 26. Bd4 Qc7 27. Qb2 f5 28.
Bd3 Qc6 29. Bxe4 dxe4 30. Bc5 Qd5 31. Qf6 Qf7 32. Qg5 Bc6 33. h4 Bb5 34. Rd1 Bd3
35. h5 Qe6 36. hxg6 Qxg6 37. Qe7 Re8 38. Qd7 Qe6 39. Qxe6+ Rxe6 40. Bd4 Rc6 41.
Rd2 Rc1+ 42. Kh2 Rc2 43. Rxc2 Bxc2 44. Kg3 Kf7 45. Kf4 Ke6 46. Kg5 Bd3 47. Kh6
Kd5 48. g3 Be2 49. Kxh7 Kc4 50. Bc5 Bg4 51. Kg6 Kd5 52. Kf7 Kc6 53. Ke6 Bh3 54.
Ke5 Bg4 55. Kd4 Bh3 56. Ke5 Bg4 57. Kf4 Kd5 58. Be7 Kc6 59. Ke5 Bh3 60. Kf4 Bg4
{Game drawn by mutual agreement} 1/2-1/2

[Event "Team 45 45 League T87"]
[Site "Internet Chess Club"]
[Date "2021.01.31"]
[Round "4"]
[White "ElValero"]
[Black "bobhill"]
[Result "1-0"]
[WhiteElo "1689"]
[BlackElo "1824"]
[Opening "Réti opening"]
[ECO "A30"]
[Time "09:10:00"]
[TimeControl "2700+45"]

1. Nf3 c5 2. c4 Nc6 3. Nc3 g6 4. e3 Bg7 5. d4 cxd4 6. exd4 d6 7. Be2 Nf6 8. O-O
O-O 9. h3 a6 10. Bf4 Bf5 11. Rc1 Qc8 12. Nd5 Qd8 13. Nc3 Ne4 14. Nxe4 Bxe4 15.
Qd2 Bxf3 16. Bxf3 Nxd4 17. Bxb7 Ra7 18. Be4 f5 19. Bd3 Rb7 20. b4 e5 21. Be3 Ne6
22. f3 Nf4 23. Bxf4 exf4 24. b5 Bd4+ 25. Kh2 Be3 26. Qc3 Bxc1 27. Rxc1 axb5 28.
cxb5 Qf6 29. Qc6 Rfb8 30. a4 Qd4 31. Bc4+ Kg7 32. Re1 Ra7 33. a5 Qd2 34. Re2
Qxa5 35. Qxd6 Qc7 36. Qd4+ Kh6 37. Re5 Ra4 38. Rc5 Qe7 39. Qxf4+ Qg5 40. Qxb8
Ra1 41. Qg3 Rh1+ 42. Kxh1 Qxg3 43. b6 Qe1+ 44. Kh2 Qb4 45. Rc6 Kg5 46. f4+ Kxf4
47. Bd5 Ke5 48. Bf3 g5 49. b7 g4 50. Rc8 g3+ 51. Kxg3 Qf4+ 52. Kf2 Qd2+ 53. Kg1
Qe1+ 54. Kh2 Qb1 55. b8=Q+ Qxb8 56. Rxb8 h5 57. Bxh5 Kf4 58. Rb4+ Kg5 59. Bd1 f4
60. g3 {Black resigns} 1-0

[Event "Team 45 45 League T87"]
[Site "Internet Chess Club"]
[Date "2021.01.31"]
[Round "4"]
[White "ANGELLR"]
[Black "Legal"]
[Result "1-0"]
[WhiteElo "1857"]
[BlackElo "1865"]
[Opening "Queen's pawn: London system"]
[ECO "A45"]
[Time "19:00:29"]
[TimeControl "2700+45"]

1. d4 Nf6 2. Bf4 d5 3. e3 e6 4. Nf3 Bd6 5. Nbd2 c5 6. Ne5 Qc7 7. Ndf3 Nbd7 8. h3
O-O 9. c3 Ne4 10. Bd3 f5 11. Nxd7 Bxd7 12. Ne5 Be8 13. f3 Nf6 14. g4 Nd7 15.
Nxd7 Bxd7 16. Bxd6 Qxd6 17. f4 cxd4 18. cxd4 Rac8 19. Qd2 Rc7 20. Ke2 Rfc8 21.
Rac1 fxg4 22. hxg4 g6 23. g5 e5 24. dxe5 Bg4+ 25. Kf2 Qb6 26. Rxc7 Rxc7 27. Rc1
d4 28. e4 Rf7 29. Kg3 Be6 30. Bc4 Bxc4 31. Rxc4 d3 32. Qxd3 Qg1+ 33. Kh3 Qh1+
34. Kg3 Qg1+ 35. Kf3 Qh2 36. Qe3 h6 37. gxh6 Qxh6 38. Rc8+ Kg7 39. Kg3 Rd7 40.
e6 g5 41. Qc3+ Kg6 42. f5+ Kh5 43. Qf3+ {Black resigns} 1-0

[Event "Team 45 45 League T87"]
[Site "Internet Chess Club"]
[Date "2021.01.28"]
[Round "4"]
[White "The7thGuest"]
[Black "andrew37"]
[Result "1-0"]
[WhiteElo "1860"]
[BlackElo "1659"]
[Opening "Sicilian: Najdorf, 7.f4"]
[ECO "B96"]
[Time "15:01:05"]
[TimeControl "2700+45"]

1. e4 c5 2. Nf3 d6 3. d4 cxd4 4. Nxd4 Nf6 5. Nc3 a6 6. Bg5 e6 7. f4 Qc7 8. Qf3
b5 9. e5 Bb7 10. Bxb5+ axb5 11. Ndxb5 Qb6 12. Qf2 Qxf2+ 13. Kxf2 dxe5 14. Nc7+
Kd7 15. Nxa8 Bxa8 16. Rad1+ Kc8 17. fxe5 Bc5+ 18. Kg3 Nh5+ 19. Kh4 g6 20. Rd2 h6
21. Bf6 Nxf6 22. exf6 Be3 23. Re2 Bg5+ 24. Kh3 Bxf6 25. Rf1 Nd7 26. Ne4 Bxe4 27.
Rxe4 Kd8 28. b3 Ke7 29. a4 Rc8 30. Rc4 Rxc4 31. bxc4 Ne5 32. a5 Nc6 33. a6 Bd4
34. Rb1 f5 35. Rb7+ Kd6 36. g3 Ke5 37. Kg2 Kf6 38. Rc7 Na7 39. c5 Nb5 40. Rb7
Bxc5 41. Rxb5 Ba7 42. Rb7 Bd4 43. a7 {Black resigns} 1-0

[Event "Team 45 45 League T87"]
[Site "Internet Chess Club"]
[Date "2021.01.29"]
[Round "4"]
[White "VictorRed"]
[Black "fileman"]
[Result "0-1"]
[WhiteElo "1659"]
[BlackElo "1825"]
[Opening "KP: Nimzovich defense"]
[ECO "B00"]
[Time "15:10:21"]
[TimeControl "2700+45"]

1. e4 Nc6 2. d4 e5 3. d5 Nce7 4. Nf3 Ng6 5. c4 Bc5 6. Nc3 a5 7. Nb5 d6 8. Bg5
N8e7 9. h4 h6 10. Bd2 Bd7 11. a4 f5 12. Bd3 f4 13. h5 Nf8 14. Rb1 Nh7 15. b4
axb4 16. Bxb4 b6 17. Bc3 O-O 18. Bc2 Bg4 19. Qd2 Bxf3 20. gxf3 Ng5 21. Ke2 Kh7
22. a5 bxa5 23. Bxa5 Rc8 24. Rbg1 Ng8 25. Rg2 Nf6 26. Rh4 Kh8 27. Qe1 Nfxe4 28.
Bxe4 Nxe4 29. Rhg4 Ng5 30. Qc3 e4 31. Kf1 exf3 32. Rg1 Qe7 33. Qc2 Rfe8 34. Rxf4
Ra8 35. Bc3 Ra1+ {White resigns} 0-1

[Event "Team 45 45 League T87"]
[Site "Internet Chess Club"]
[Date "2021.01.31"]
[Round "4"]
[White "LookImYourVader"]
[Black "Portola"]
[Result "1/2-1/2"]
[WhiteElo "1773"]
[BlackElo "1689"]
[Opening "French: exchange variation"]
[ECO "C01"]
[Time "15:00:26"]
[TimeControl "2700+45"]

1. e4 e6 2. d4 d5 3. exd5 exd5 4. c4 Nf6 5. Nc3 Be7 6. Bd3 O-O 7. h3 c6 8. Nf3
Nbd7 9. cxd5 Nxd5 10. Nxd5 cxd5 11. Qb3 Nf6 12. O-O h6 13. Bf4 Bd6 14. Be5 b6
15. Bxf6 gxf6 16. Rac1 Be6 17. Rc6 Kg7 18. Bb1 Qd7 19. Qd3 Rh8 20. Rfc1 Rad8 21.
Nh4 Bb8 22. Nf5+ Bxf5 23. Qxf5 Qxf5 24. Bxf5 Rhe8 25. Kf1 Bf4 26. R1c2 Re7 27.
Re2 Rde8 28. Rcc2 Bd6 29. Rxe7 Rxe7 30. Re2 Rc7 31. Rc2 Re7 32. Re2 Rc7 33. Rc2
Re7 {Game drawn by repetition} 1/2-1/2

[Event "Team 45 45 League T87"]
[Site "Internet Chess Club"]
[Date "2021.01.31"]
[Round "4"]
[White "Signofthetimes"]
[Black "LuFran"]
[Result "1/2-1/2"]
[WhiteElo "1578"]
[BlackElo "1778"]
[Opening "Sicilian defense"]
[ECO "B40"]
[Time "18:00:28"]
[TimeControl "2700+45"]

1. e4 e6 2. Nf3 c5 3. Bc4 Nc6 4. d3 Nf6 5. Nc3 d6 6. Bg5 Be7 7. Qd2 O-O 8. h3 a6
9. a3 b5 10. Bb3 Bb7 11. Ne2 Qc7 12. O-O Rfd8 13. Rfd1 Rac8 14. a4 b4 15. Rac1
a5 16. c3 Qb6 17. Be3 bxc3 18. Rxc3 d5 19. exd5 Nxd5 20. Bxd5 Rxd5 21. Nf4 Rdd8
22. Qe2 Nd4 23. Bxd4 cxd4 24. Rxc8 Rxc8 25. Rb1 Ba6 {Game drawn by mutual
agreement} 1/2-1/2

[Event "Team 45 45 League T87"]
[Site "Internet Chess Club"]
[Date "2021.01.30"]
[Round "4"]
[White "andrew37"]
[Black "scostanzo212"]
[Result "1-0"]
[WhiteElo "1671"]
[BlackElo "1554"]
[Opening "QGD Slav: Dutch variation"]
[ECO "D18"]
[Time "16:04:05"]
[TimeControl "2700+45"]

1. Nf3 d5 2. d4 Nf6 3. c4 c6 4. Nc3 dxc4 5. a4 Bf5 6. e3 e6 7. Bxc4 Bb4 8. O-O
O-O 9. Qb3 Qe7 10. Nh4 a5 11. Nxf5 exf5 12. Qc2 Ne4 13. f3 Nd6 14. Bd3 Qe6 15.
e4 fxe4 16. fxe4 h6 17. e5 Ne8 18. Ne4 Nc7 19. Nf6+ Kh8 20. Bxh6 Rd8 21. Bxg7+
Kxg7 22. Qf2 Nd7 23. Qg3+ Kf8 24. Nh7+ Ke7 25. Ng5 Rg8 26. Qf4 Nd5 27. Qh4 Rxg5
28. Qxg5+ f6 29. Qg7+ Kd8 30. Bf5 Bf8 31. Qh8 Qe7 32. Bxd7 Kxd7 33. exf6 Nxf6
34. Qxf6 Qxf6 35. Rxf6 Be7 36. Rf7 Ke6 37. Rh7 Bb4 38. Kf2 b6 39. Ke3 Rf8 40.
Rh6+ Kd5 41. Rc1 Re8+ 42. Kd3 c5 43. Rh5+ Kd6 44. dxc5+ Bxc5 45. g4 Re3+ 46. Kd2
Re4 47. g5 Be3+ 48. Kd3 Re5 49. Re1 {Black resigns} 1-0

[Event "Team 45 45 League T87"]
[Site "Internet Chess Club"]
[Date "2021.01.31"]
[Round "4"]
[White "Kingofknights"]
[Black "goldeen7"]
[Result "1-0"]
[WhiteElo "1564"]
[BlackElo "1309"]
[Opening "King's Indian: Sämisch, 5...O-O"]
[ECO "E81"]
[Time "13:00:31"]
[TimeControl "2700+45"]

1. d4 Nf6 2. c4 g6 3. f3 Bg7 4. e4 d6 5. Nc3 O-O 6. Bg5 c5 7. d5 e6 8. Qd2 exd5
9. cxd5 Re8 10. Nge2 a6 11. a4 Nbd7 12. Nc1 Qc7 13. Nd3 c4 14. Nf2 Nc5 15. Ra3
Bd7 16. Be2 Nb3 17. Qd1 b5 18. axb5 axb5 19. O-O b4 20. Rxa8 Rxa8 21. Nb1 Ra1
22. Qc2 Bb5 23. Be3 Nd7 24. Nd2 Rxf1+ 25. Kxf1 Nxd2+ 26. Qxd2 c3 27. bxc3 bxc3
28. Qa2 Bxe2+ 29. Kxe2 c2 30. Qa8+ Nf8 31. Qc6 Qxc6 32. dxc6 Bd4 33. Bc1 Bb6 34.
Kd2 Ne6 35. Bb2 Nd8 36. Nd3 Nxc6 37. Kxc2 f5 38. exf5 gxf5 39. Nf4 Kf7 40. Kd3
Ne5+ 41. Kc3 Bd8 42. Ba3 Be7 43. Kd4 Nd7 44. Nd5 Bf8 45. Ne3 Bg7+ 46. Kd5 Nb6+
47. Kc6 f4 48. Nd5 Nc4 49. Bxd6 Nxd6 50. Kxd6 Bh6 51. Ke5 Kg6 52. Nxf4+ Kf7 53.
Kf5 Bf8 54. g4 Bd6 55. h4 Be7 56. g5 Kg7 57. Nd5 Bd8 58. h5 h6 59. g6 Bh4 60. f4
Bg3 61. Ke6 Bh4 62. f5 Bg5 63. f6+ Bxf6 64. Nxf6 Kh8 65. Ng4 Kg7 66. Kf5 Kh8 67.
Nxh6 Kg7 68. Kg5 Kh8 69. Nf5 Kg8 70. h6 Kh8 71. Nd4 Kg8 72. Kf6 Kh8 73. g7+ Kg8
74. Nf3 Kh7 75. Kf7 Kxh6 76. g8=Q {Black resigns} 1-0

[Event "Team 45 45 League T87"]
[Site "Internet Chess Club"]
[Date "2021.01.30"]
[Round "4"]
[White "Fulmar"]
[Black "tightfist"]
[Result "1/2-1/2"]
[WhiteElo "1179"]
[BlackElo "1413"]
[Opening "French: exchange variation"]
[ECO "C01"]
[Time "11:41:03"]
[TimeControl "2700+45"]

1. e4 e6 2. d4 d5 3. exd5 exd5 4. Bd3 Be7 5. Nf3 Nf6 6. O-O O-O 7. Nc3 Bg4 8.
Re1 Nbd7 9. a4 c5 10. dxc5 Nxc5 11. Qe2 Nxd3 12. Qxd3 Re8 13. Bg5 h6 14. Bxf6
Bxf6 15. Rxe8+ Qxe8 16. Re1 Qc6 17. Qxd5 Bxf3 18. Qxf3 Qxf3 19. gxf3 Bxc3 20.
bxc3 Rc8 21. Re7 Rxc3 22. Rxb7 Rxc2 23. Rxa7 Rc3 24. Kg2 Ra3 25. a5 g5 26. a6
Kg7 27. Ra8 Ra4 28. a7 h5 29. Kf1 Ra2 30. Ke1 f6 31. Kd1 Kh7 32. Kc1 Kg7 33. Kb1
Ra4 34. Kb2 h4 35. Kb3 Ra1 36. Kc4 Rc1+ 37. Kb5 Rb1+ 38. Kc6 Rc1+ 39. Kd7 Rd1+
40. Ke6 Re1+ 41. Kf5 Ra1 42. h3 Ra4 43. Ke6 Ra6+ 44. Kd7 Ra2 45. Kc6 Rc2+ 46.
Kd5 Rd2+ 47. Kc4 Ra2 48. Kb3 Ra1 49. Kb2 Ra5 50. Kb3 Ra1 51. Kc4 Rc1+ 52. Kd3
Ra1 53. Ke4 Ra4+ 54. Kf5 Ra5+ 55. Ke4 Ra4+ 56. Ke3 Ra3+ 57. Ke2 Ra2+ 58. Kf1
Ra1+ 59. Kg2 Ra4 60. f4 {Game drawn by mutual agreement} 1/2-1/2

[Event "Team 45 45 League T87"]
[Site "Internet Chess Club"]
[Date "2021.02.02"]
[Round "4"]
[White "ascoli"]
[Black "Redman1"]
[Result "1-0"]
[WhiteElo "1741"]
[BlackElo "1575"]
[Opening "Caro-Kann: closed (Breyer) variation"]
[ECO "B10"]
[Time "11:30:31"]
[TimeControl "2700+45"]

1. e4 c6 2. d3 d5 3. Nd2 g6 4. g3 Bg7 5. Bg2 e5 6. Ngf3 Ne7 7. O-O Bg4 8. Qe1
Qc7 9. h3 Bxf3 10. Nxf3 O-O 11. Bg5 Re8 12. h4 Nd7 13. Nh2 d4 14. Ng4 c5 15. f4
f6 16. Bh6 c4 17. fxe5 fxe5 18. Bg5 b5 19. Bh3 Nc6 20. Nh6+ Kh8 21. Rf7 Rad8 22.
Bxd8 Nxd8 23. Rxd7 Qb8 24. Nf7+ Nxf7 25. Rxf7 a5 26. Qf2 Qd6 27. Rf1 Qc6 28. Bd7
{Black resigns} 1-0

[Event "Team 45 45 League T87"]
[Site "Internet Chess Club"]
[Date "2021.01.29"]
[Round "4"]
[White "Lawkeito"]
[Black "rubo"]
[Result "1-0"]
[WhiteElo "1609"]
[BlackElo "1474"]
[Opening "Caro-Kann: classical variation"]
[ECO "B18"]
[Time "19:00:36"]
[TimeControl "2700+45"]

1. e4 c6 2. d4 d5 3. Nc3 dxe4 4. Nxe4 Bf5 5. Ng3 Bg6 6. Nf3 e6 7. Be2 Bd6 8. O-O
Nf6 9. Bg5 Nbd7 10. c4 Qc7 11. Rc1 O-O 12. Nd2 Bf4 13. Bxf4 Qxf4 14. Nb3 Rfd8
15. Qe1 Ne4 16. Bf3 Ndf6 17. Qe3 Qxe3 18. fxe3 Nxg3 19. hxg3 Be4 20. Nd2 Bxf3
21. gxf3 Rac8 22. Nb1 c5 23. Rfd1 cxd4 24. exd4 Rc7 25. b3 Rcd7 26. Nc3 a6 27.
Ne2 g6 28. Kf2 Ne8 29. Rd2 Nd6 30. Rcd1 e5 31. Ke1 e4 32. fxe4 Nxe4 33. Rd3 Nc5
34. Re3 Ne6 35. d5 Kg7 36. Nc3 Ng5 37. Rd2 f6 38. Rde2 Kf8 39. Na4 f5 40. Nc5
Rc7 41. Ne6+ Nxe6 42. Rxe6 Rcd7 43. Kf2 Kf7 44. Kf3 Kf8 45. Kf4 b5 46. Rxa6 bxc4
47. bxc4 Rc7 48. Rc6 Rxc6 49. dxc6 Rd4+ 50. Ke5 Rxc4 51. Kd6 Rd4+ 52. Kc7 Re4
53. Rd2 Re3 54. Kb7 Rxg3 55. c7 Rc3 56. c8=Q+ Rxc8 57. Kxc8 f4 58. a4 g5 59. a5
f3 60. a6 g4 61. a7 g3 62. a8=Q f2 63. Qf3+ {Black resigns} 1-0

[Event "Team 45 45 League T87"]
[Site "Internet Chess Club"]
[Date "2021.01.29"]
[Round "4"]
[White "g8wrb"]
[Black "smsxman"]
[Result "1-0"]
[WhiteElo "1316"]
[BlackElo "1320"]
[Opening "Nimzovich-Larsen attack: Indian variation"]
[ECO "A01"]
[Time "12:06:42"]
[TimeControl "2700+45"]

1. b3 Nf6 2. Bb2 Nc6 3. e3 e5 4. Bb5 d5 5. Bxc6+ bxc6 6. Bxe5 Be7 7. Ne2 O-O 8.
O-O Bg4 9. d3 c5 10. f3 Bh5 11. Nbc3 c6 12. Qd2 Nd7 13. Bg3 Re8 14. Rfe1 Bf6 15.
Rad1 Qa5 16. d4 cxd4 17. Nxd4 c5 18. Ndb5 a6 19. Qxd5 axb5 20. Qxh5 Bxc3 21.
Rxd7 Bxe1 22. Qxf7+ Kh8 23. Qxg7# {Black checkmated} 1-0

[Event "Team 45 45 League T87"]
[Site "Internet Chess Club"]
[Date "2021.01.31"]
[Round "4"]
[White "QuieroAprender"]
[Black "fvafier"]
[Result "1-0"]
[WhiteElo "1709"]
[BlackElo "1520"]
[Opening "Queen's bishop game"]
[ECO "D00"]
[Time "16:14:58"]
[TimeControl "2700+45"]

1. d4 d5 2. Bf4 Nf6 3. Nf3 c5 4. e3 Nc6 5. c3 Qb6 6. Qb3 c4 7. Qxb6 axb6 8. Na3
Na7 9. Be2 e6 10. Nc2 Be7 11. O-O O-O 12. Nd2 Bd7 13. e4 b5 14. e5 Ne8 15. g4 f6
16. b4 fxe5 17. Bxe5 Nc6 18. Bg3 h6 19. a3 Bd6 20. Ne3 Bxg3 21. hxg3 g5 22. f4
Ng7 23. Bd1 Nd8 24. f5 Bc6 25. fxe6 Rxf1+ 26. Kxf1 Ndxe6 27. Bf3 Nc7 28. Nf5
Nxf5 29. gxf5 Re8 30. Kf2 Bd7 31. g4 h5 32. gxh5 Kg7 33. Bg4 Kf6 34. Rf1 Ra8 35.
Nb1 Ne8 36. Bf3 Bc6 37. Kg3 Nd6 38. Kg4 Re8 39. Nd2 Re3 40. h6 Rxc3 41. h7 Nf7
42. Bg2 Rxa3 43. Nf3 Ra8 44. Ne5 Nxe5+ 45. dxe5+ Kxe5 46. Kxg5 Rh8 47. Kg6 d4
48. Bxc6 bxc6 49. Kg7 c3 50. Kxh8 c2 51. Kg8 d3 52. h8=Q+ Ke4 53. Qc3 Ke3 54.
Qe1+ Kd4 55. Qd2 {Black resigns} 1-0